Map: Eternal Empire LE

Players

MikeHawk - Winner!

  • Race: Terran Terran
  • League: Master
  • Spawn Location: 7:00

IIIIIIIIIIII

  • Race: Terran Terran
  • League: Master
  • Spawn Location: 1:00

VOD

Have the link to the VOD?

Description

Time

  • Played on: Dec. 20, 2019, 11:48 a.m.
  • Length: 8:54
Show
View Real Time Build Order
Export as new Build Order

MikeHawk Terran - Winner!

Build Orders: Gas First Reaper Expand 

Get SALT Encoding   

  12  0:00  SCV  
  13  0:12  SCV  
  14  0:17  Supply Depot  
  14  0:24  SCV  
  15  0:31  Refinery  
  15  0:39  SCV  
  16  0:43  Barracks  
  16  0:53  SCV  
  17  1:05  SCV  
  18  1:17  SCV  
  19  1:31  Orbital Command, Reaper  
  20  1:47  Command Center  
  20  1:57  SCV  
  21  2:02  Factory  
  21  2:09  Barracks Reactor, SCV  
  22  2:17  Supply Depot  
  22  2:21  SCV  
  23  2:24  Refinery  
  23  2:39  SCV  
  24  2:48  Starport  
  25  2:51  SCV  
  25  2:53  Marine, Hellion  
  25  2:54  Marine  
  29  3:00  Orbital Command  
  29  3:04  SCV  
  30  3:11  Marine x2  
  32  3:15  Factory Tech Lab  
  32  3:16  SCV  
  33  3:26  SCV  
  34  3:28  SCV  
  34  3:29  Marine x2  
  37  3:38  SCV  
  37  3:40  Factory Tech Lab, SCV  
  38  3:44  Raven  
  38  3:50  Marine x2  
  38  3:51  SCV  
  38  3:52  SCV  
  40  3:59  Supply Depot  
  40  4:00  Cyclone  
  43  4:03  SCV  
  43  4:04  SCV  
  45  4:13  Command Center  
  45  4:16  SCV  
  46  4:21  SCV  
  46  4:23  Supply Depot  
  47  4:28  SCV  
  47  4:31  Barracks  
  48  4:32  Stimpack  
  48  4:33  SCV  
  47  4:39  Starport Reactor  
  47  4:42  Barracks  
  47  4:45  Siege Tank  
  47  4:47  SCV  
  47  4:49  SCV  
  52  4:53  Marine  
  52  4:59  SCV  
  54  5:01  SCV  
  54  5:03  Supply Depot  
  55  5:11  SCV, Marine, Refinery x2  
  55  5:13  SCV  
  58  5:18  Engineering Bay  
  58  5:19  Engineering Bay  
  58  5:24  SCV, Starport Reactor  
  58  5:25  SCV  
  60  5:32  Orbital Command  
  60  5:34  Marine  
  60  5:35  Marine x2  
  63  5:36  SCV  
  63  5:37  SCV  
  63  5:38  Marine  
  63  5:39  Marine  
  63  5:42  Siege Tank  
  70  5:47  Terran Infantry Weapons Level 1  
  70  5:48  Terran Infantry Armor Level 1  
  70  5:49  SCV  
  71  5:50  SCV  
  71  5:52  Marine x2  
  71  5:53  Marine  
  71  5:56  Marine  
  71  5:57  Marine  
  76  5:58  Orbital Command  
  76  6:01  SCV  
  76  6:02  SCV  
  79  6:05  Medivac x2  
  79  6:10  Marine  
  84  6:14  SCV  
  84  6:15  SCV, Supply Depot  
  84  6:16  Supply Depot  
  86  6:20  Siege Tank  
  86  6:22  Marine x3  
  86  6:24  Marine  
  93  6:30  Combat Shield  
  93  6:36  SCV x3  
  93  6:37  Supply Depot  
  93  6:38  Supply Depot  
  96  6:40  Marine x3  
  96  6:43  Marine  
  100  6:48  SCV x3  
  100  6:50  Marine  
  104  6:57  Marine  
  104  6:58  Marine x2  
  104  7:00  SCV x2  
  104  7:01  SCV  
  110  7:04  Siege Tank  
  110  7:05  Marine  
  110  7:08  Marine  
  114  7:13  SCV x3  
  117  7:15  Marine x2  
  117  7:16  Viking, Marine  
  121  7:23  Marine  
  121  7:26  Marine  
  123  7:32  SCV x3  
  123  7:33  Marine x2  
  123  7:34  Marine  
  129  7:41  Siege Tank, Marine  
  133  7:45  Barracks  
  133  7:46  Barracks  
  133  7:49  Refinery  
  133  7:50  Refinery  
  133  7:53  SCV x2, Medivac x2, Marine x2  
  133  7:55  Supply Depot  
  141  8:09  Command Center, Sensor Tower  
  141  8:16  Armory, SCV, Marine x3  
  141  8:17  Factory  
  143  8:20  Barracks Reactor  
  143  8:27  Marine  
  130  8:34  Marine x3  
  125  8:46  Barracks Reactor x2  
Show
View Real Time Build Order
Export as new Build Order

IIIIIIIIIIII Terran 

Build Orders:  

Get SALT Encoding   

  12  0:00  SCV  
  13  0:12  SCV  
  14  0:17  Supply Depot  
  14  0:25  SCV  
  14  0:27  Refinery  
  15  0:38  SCV  
  16  0:45  Barracks  
  16  0:50  SCV  
  16  0:55  Refinery  
  17  1:03  SCV  
  18  1:15  SCV  
  19  1:32  Orbital Command, Factory  
  19  1:35  Reaper  
  20  1:48  Supply Depot  
  20  1:58  SCV  
  21  2:07  Reaper  
  22  2:10  SCV  
  23  2:16  Hellion  
  23  2:22  SCV  
  26  2:27  Command Center  
  26  2:34  SCV  
  27  2:39  Hellion  
  27  2:40  Reaper  
  27  2:43  Supply Depot  
  30  2:46  SCV  
  31  2:54  Starport  
  31  3:00  Factory Tech Lab  
  31  3:05  SCV  
  32  3:12  Barracks Tech Lab  
  32  3:17  SCV  
  32  3:18  Cyclone  
  36  3:24  Refinery  
  36  3:33  SCV  
  37  3:45  SCV  
  33  3:57  Raven  
  33  3:58  SCV, Cyclone  
  33  4:02  Barracks Reactor  
  38  4:06  Orbital Command, Command Center  
  37  4:19  SCV  
  38  4:30  Siege Tank  
  41  4:31  SCV  
  41  4:37  SCV  
  43  4:40  Supply Depot, Marine x2  
  43  4:42  Raven  
  43  4:43  SCV  
  48  4:49  SCV  
  49  4:56  SCV  
  49  4:58  Marine x2  
  52  5:01  SCV  
  52  5:03  Supply Depot  
  52  5:05  Siege Tank  
  56  5:08  SCV  
  56  5:13  SCV  
  58  5:20  Orbital Command, SCV  
  61  5:25  SCV  
  61  5:28  Supply Depot  
  60  5:34  Viking x2  
  60  5:35  Stimpack  
  64  5:36  SCV, Marine  
  64  5:37  SCV  
  67  5:49  Siege Tank  
  71  5:50  SCV x2  
  71  5:51  Supply Depot  
  71  5:52  Refinery  
  71  5:54  SCV  
  71  5:56  Marine  
  74  6:04  Viking  
  76  6:07  Viking  
  76  6:09  SCV x3  
  81  6:13  Supply Depot  
  81  6:15  Marine  
  81  6:16  Engineering Bay x2  
  82  6:21  Siege Tank  
  85  6:27  SCV x2  
  91  6:41  SCV x2  
  91  6:45  Barracks, Terran Infantry Weapons Level 1, Terran Infantry Armor Level 1  
  91  6:46  Barracks  
  89  6:58  Marine  
  89  6:59  Viking x2  
  94  7:04  Barracks  
  94  7:06  Barracks  
  91  7:17  Siege Tank  
  91  7:22  SCV x2  
  97  7:28  Orbital Command  
  97  7:34  SCV x2  
  97  7:36  Barracks Reactor x2  
  98  7:39  Marine  
  98  7:44  Medivac  
  101  7:45  Supply Depot, Medivac  
  101  7:46  SCV  
  101  7:47  SCV  
  101  7:48  Refinery  
  101  7:50  Sensor Tower  
  105  7:52  Refinery  
  105  7:57  Barracks Reactor x2  
  106  7:58  SCV  
  106  8:07  SCV, Supply Depot  
  106  8:08  SCV, Supply Depot  
  106  8:10  SCV  
  109  8:16  Marine x5  
  109  8:18  Siege Tank  
  117  8:26  Supply Depot  
  117  8:28  SCV x3  
  117  8:34  Marine  
  111  8:40  SCV  
Tags
 
Add a new tag
Caveats
  • Supply blocks, unpowered buildings, or Contaminate may cause inaccurate times.
  • Supply counts are checked every 10 seconds.